 Dungeon Crawl Stone Soup version 0.29.0-11-gd7f09526c8 (webtiles) character file.

Game seed: 759154141414720122

4 Powertoast the Ruffian (level 1, 0/17 HPs)
             Began as a Ghoul Gladiator on Sept 7, 2022.
             Slain by a ball python (1 damage)
             ... on level 1 of the Dungeon.
             The game lasted 00:00:32 (97 turns).

Powertoast the Ruffian (Ghoul Gladiator)              Turns: 97, Time: 00:00:33

Health: 0/17       AC:  4    Str: 17    XL:     1   Next: 60%
Magic:  0/0        EV: 12    Int:  3    God:
Gold:   6          SH:  0    Dex: 10    Spells: 0/0 levels left

rFire   . . .      SeeInvis .     - Unarmed
rCold   + . .      Faith    .   (no shield)
rNeg    + + +      Spirit   .   a - +0 leather armour
rPois   ∞          Reflect  .   b - +0 helmet
rElec   .          Harm     .   (no cloak)
rCorr   .          Rampage  .   (no gloves)
Will    .....                   (no boots)
Stlth   +.........              (no amulet)
HPRegen 0.00/turn               (no ring)
MPRegen 0.07/turn               (no ring)

@: inhibited regen
A: claws 1, cold resistance 1, negative energy resistance 3, inhibited
regeneration, torment resistance 2, devour on kill
a: no special abilities


You were on level 1 of the Dungeon.
You visited 1 branch of the dungeon, and saw 1 of its levels.

You collected 6 gold pieces.

Inventory:

Missiles
 c - 3 throwing nets (quivered)
 d - a javelin
Armour
 a - a +0 leather armour (worn)
 b - a +0 helmet (worn)
Jewellery
 e - a ring of ice


   Skills:
 - Level 2.1 Fighting
 - Level 1.7 Throwing
 - Level 2.6 Dodging
 + Level 3.6 Unarmed Combat


You couldn't memorise any spells.
You didn't know any spells.
Your spell library was empty.

Dungeon Overview and Level Annotations

Branches:
Dungeon (1/15)

Altars:


Innate Abilities, Weirdness & Mutations

You are immune to poison.
You have sharp fingernails.
Your flesh is cold resistant. (rC+)
You are immune to negative energy. (rN+++)
You do not regenerate when monsters are visible.
You are immune to unholy pain and torment.
You thrive by killing the living.


Message History

The hobgoblin closely misses you.
You scratch the hobgoblin.
The hobgoblin is moderately wounded.
A hobgoblin comes into view.
The hobgoblin hits you but does no damage.
The hobgoblin shouts!
You scratch the hobgoblin but do no damage.
The hobgoblin is moderately wounded.
The hobgoblin hits you.
You scratch the hobgoblin but do no damage.
The hobgoblin is lightly wounded.
The ball python bites you. The ball python misses you. The hobgoblin hits you.
You scratch the hobgoblin but do no damage.
The hobgoblin is lightly wounded.
The ball python bites you. The ball python grabs you.
The ball python constricts you. The hobgoblin hits you.
* * * LOW HITPOINT WARNING * * *
You escape the ball python's grasp.
An endoplasm comes into view.
The hobgoblin attacks as you move away! The hobgoblin barely misses you.
The ball python attacks as you move away!
The ball python misses you. The ball python barely misses you. x2
The ball python attacks as you move away!
The ball python closely misses you. The ball python barely misses you.
The ball python attacks as you move away!
The ball python completely misses you.
You see here a dart slug corpse.
You closely miss the ball python. The ball python barely misses you.
The ball python grabs you. The ball python constricts you.
The ball python bites you.
* * * LOW HITPOINT WARNING * * *
The ball python constricts you.
* * * LOW HITPOINT WARNING * * *
You escape the ball python's grasp.
The ball python closely misses you. The ball python misses you.
The ball python attacks as you move away!
The ball python bites you but does no damage.
The ball python bites you.
You die...

# #.⌠.##.⌠.# ##.# #.
#...##...###..#
####.####.####.#....##
..................###
#######.###########
#..# ##.######
#......# ######@##
#.S########
##.gg.....# ####.....#
#.....## #.....)#
#....?.# ####..[#
#......#


You could see 2 hobgoblins and a ball python.

Vanquished Creatures
  A dart slug (D:1)
  A goblin (D:1)
2 creatures vanquished.

Notes
Turn   | Place    | Note
-------+----------+-------------------------------------------
     0 | D:1      | Powertoast the Ghoul Gladiator began the quest for the Orb.
     0 | D:1      | Reached XP level 1. HP: 17/17 MP: 0/0
    97 | D:1      | Slain by a ball python

Illustrated notes

Levels and vault maps discovered:
D:1:      dpeg_arrival_chambers_temple_mockup, layout_basic

Action                   || total
-------------------------++-------
Melee: Unarmed           ||    10
Armor: Leather armour    ||     3
Dodge: Dodged            ||    14
